 Dungeon Crawl Stone Soup version 0.31-a0-705-ga145531891 (webtiles) character file.

Game seed: 16427769437884047575

9610 ooooo the Destroyer (level 11, -7/73 HPs)
             Began as an Octopode Conjurer on Sept 9, 2023.
             Was an Initiate of Gozag.
             Mangled by a komodo dragon (29 damage)
             ... on level 10 of the Dungeon.
             The game lasted 00:46:22 (21568 turns).

ooooo the Destroyer (Octopode Conjurer)            Turns: 21568, Time: 00:46:23

Health: -7/73      AC:  3    Str: 10    XL:     11   Next: 49%
Magic:  0/16       EV: 15    Int: 25    God:    Gozag
Gold:   1245       SH:  0    Dex: 10    Spells: 6/17 levels left

rFire   + . .        y - +1 short sword (elec)
rCold   + + .        p - orb of Context {guile, rF+ rC++ Str+3}
rNeg    . . .        d - +2 hat
rPois   .            (no amulet)
rElec   .            m - ring of willpower
rCorr   .            (no ring)
SInv    .            (no ring)
Will    .....        (no ring)
Stlth   +++++        (no ring)
HPRegen 0.32/turn    (no ring)
MPRegen 0.15/turn    (no ring)
                     (no ring)

%: no passive effects
@: no status effects
A: almost no armour, amphibious, 8 rings, camouflage 1, gelatinous body 1,
(nimble swimmer 1), tentacles
a: Renounce Religion, Potion Petition, Call Merchant, Bribe Branch


You were on level 10 of the Dungeon.
You worshipped Gozag.
Gozag was most pleased with you.
You visited 3 branches of the dungeon, and saw 13 of its levels.
You also visited: Sewer.

You collected 1440 gold pieces.
You spent 98 gold pieces at shops.
You paid 97 gold pieces to Gozag.

Inventory:

Hand Weapons
 f - a +0 spear
 s - a +1 dagger of distortion
 y - a +1 short sword of electrocution (weapon)
Missiles
 g - 5 curare-tipped darts
 i - 15 poisoned darts
Armour
 d - a +2 hat (worn)
 p - the orb of Context (worn) {guile, rF+ rC++ Str+3}
   (You found it on level 3 of the Dungeon)

   Str+3:     It affects your strength (+3).
   rF+:       It protects you from fire.
   rC++:      It greatly protects you from cold.
 v - a +0 buckler
Magical Staves
 j - a staff of air
Jewellery
 m - a ring of willpower (left tentacle)
Wands
 z - a wand of polymorph (10)
 D - a wand of iceblast (1)
 F - a wand of charming (11)
Scrolls
 b - a scroll of revelation {unknown}
 h - 4 scrolls of enchant weapon
 k - 2 scrolls of amnesia {unknown}
 l - 7 scrolls of teleportation
 n - a scroll of summoning {unknown}
 o - 3 scrolls of fog {unknown}
 t - 2 scrolls of blinking {unknown}
 u - 3 scrolls of poison
 w - a scroll of torment {unknown}
 C - a scroll of enchant armour {unknown}
 E - 2 scrolls of vulnerability {unknown}
Potions
 a - 3 potions of brilliance
 c - 2 potions of might
 e - 8 potions of curing
 q - 7 potions of enlightenment
 r - 3 potions of mutation
 A - 3 potions of cancellation
 B - a potion of attraction {unknown}


   Skills:
 + Level 6.3 Fighting
 + Level 6.8 Dodging
 + Level 9.8 Stealth
 + Level 3.9 Spellcasting
 + Level 13.6 Conjurations


You had 6 spell levels left.
You knew the following spells:

 Your Spells              Type           Power      Damage    Failure   Level
a - Searing Ray           Conj           100%       2d8       1%          2
b - Magic Dart            Conj           100%       1d8       1%          1
c - Fulminant Prism       Conj/Hex       19%        3d10      5%          4
d - Iskenderun's Mystic   Conj/Tloc      39%        2d9       5%          4

Your spell library contained the following spells:

 Spells                   Type           Power      Damage    Failure   Level
 Shock                    Conj/Air       100%       1d9       1%          1
 Dazzling Flash           Conj/Hex       78%        N/A       1%          3
 Gell's Gravitas          Tloc           4%         N/A       28%         3
 Swiftness                Air            4%         N/A       28%         3
 Teleport Other           Tloc           4%         N/A       28%         3
 Tukima's Dance           Hex            4%         N/A       28%         3
 Airstrike                Air            2%         2d(1-17)  67%         4
 Dimensional Bullseye     Hex/Tloc       2%         N/A       67%         4
 Dispersal                Tloc           2%         N/A       100%        6


Dungeon Overview and Level Annotations

Branches:
Dungeon (10/15) Zot: 25323  Temple (1/1) D:6 Zot: 5830    Lair (2/5) D:8 Zot: 9307
  Sewer (visited)
  Swamp: Lair:2-3    Shoals: Lair:2-3     Snake: Lair:2-3    Spider: Lair:2-3
    Orc: D:9-12

Altars:
Ashenzari
Cheibriados
Dithmenos
Elyvilon
Fedhas
Gozag
Hepliaklqana
Kikubaaqudgha
Makhleb
Nemelex Xobeh
Okawaru
Qazlal
Ru
Sif Muna
Trog
Uskayaw
Vehumet
Wu Jian
Xom
Yredelemnul
Zin
The Shining One

Shops:
D:3 *   D:7 (   D:8 :

Annotations:
Lair:1 1 runed translucent door, exclusion: door, Doprafe's ghost, journeyman DsFi


Innate Abilities, Weirdness & Mutations

You cannot wear most types of armour.
You are amphibious.
You can wear up to eight rings at the same time.
Your skin changes colour to match your surroundings (Stealth+).
Your rubbery body absorbs attacks. (AC +1, EV +1)
((You are camouflaged when in or above water. (Stealth+)))
You have tentacles for arms and can constrict up to eight enemies at once.


Message History

You see here 7 stones.
Your fulminant prism explodes!
The blast of energy engulfs the komodo dragon!!
The komodo dragon is heavily wounded.
You hear a bellow!
You hear an angry buzzing noise.
You hear a shout! x2
You hear an angry buzzing noise.
You hear a shout! x3
Casting: Fulminant Prism (dangerous; 5% risk of failure)
Confirm with . or Enter, or press ? or * to list all spells.
Aiming: Fulminant Prism (dangerous; 5% risk of failure)
Press: ? - help, Dir - move target You conjure a prism of explosive energy!
A fulminant prism comes into view.
You hear a shout!
You hear a bellow! x2
Your fulminant prism crackles loudly.
Your fulminant prism explodes!
The blast of energy engulfs the komodo dragon!
The komodo dragon is severely wounded.
You hear a bellow!
You hear a shout! x2; You hear an angry hiss.
Casting: Fulminant Prism (dangerous; 5% risk of failure)
Confirm with . or Enter, or press ? or * to list all spells.
Aiming: Searing Ray (safe; 1% risk of failure)
Press: ? - help, Shift-Dir - straight line, f - komodo dragon
Aim: a komodo dragon (severely wounded, 87% to hit)
The searing ray misses the komodo dragon. (Press . to maintain the ray.) Unknown command.
The searing ray hits the komodo dragon.
The komodo dragon is almost dead.
The searing ray hits the komodo dragon.
The komodo dragon is almost dead.
The komodo dragon bites you!!
Unknown command.
You closely miss the komodo dragon.
The komodo dragon is almost dead.
The komodo dragon bites you!!
You barely miss the komodo dragon.
The komodo dragon is almost dead.
The komodo dragon bites you!!
You die...
Your body crumbles into a pile of gold. #..# ...... #..# ...... #..# ...... #..# Oo....

#..# #..(.. +######(.#
#g... .........# #.)
.#####.l.###############
#.@...<.........
+...............
#.............#
#..#####......# #..#
#......# #..# #......#
...# #......# ....#
#..##### #..#


You could see a komodo dragon.

Vanquished Creatures
  2 two-headed ogres (D:9)
  Pikel (D:7)
  A black mamba (Lair:1)
  Maurice (D:9)
  A cane toad (Lair:1)
  Maggie (D:6)
  A hornet (D:9)
  A troll (D:9)
  15 yaks
  A basilisk (Lair:1)
  A wraith (D:9)
  A steam dragon (D:6)
  A swamp worm (D:7)
  2 water moccasins
  An orc warrior (D:9)
  2 ice beasts
  A sky beast (D:7)
  2 ogres
  4 wolves (Lair:1)
  2 lemures (D:7)
  A phantom (D:4)
  6 bullfrogs
  Blork the orc (D:4)
  3 scorpions
  10 wights
  A killer bee (D:10)
  6 howler monkeys
  3 jellies
  4 orc priests
  2 hounds
  Jessica (D:2)
  2 iguanas
  7 orc wizards
  Ijyb (D:3)
  6 hell rats (Lair:1)
  Robin (D:4)
  14 adders
  6 gnolls (D:4)
  4 river rats (Sewer)
  2 shadow imps
  3 white imps
  A worm (Sewer)
  4 dart slugs
  23 orcs
  3 endoplasms
  5 giant cockroaches
  15 goblins
  11 hobgoblins
  6 jackals
  12 quokkas
  15 ball pythons
  8 bats
  4 frilled lizards
  5 kobolds
  6 rats
244 creatures vanquished.

Vanquished Creatures (others)
  An orc (D:9)
  45 fulminant prisms
46 creatures vanquished.

Grand Total: 290 creatures vanquished

Notes
Turn   | Place    | Note
-------+----------+-------------------------------------------
     0 | D:1      | ooooo the Octopode Conjurer began the quest for the Orb.
     0 | D:1      | Reached XP level 1. HP: 11/11 MP: 3/3
   458 | D:1      | Reached XP level 2. HP: 17/17 MP: 0/5
   461 | D:1      | Learned a level 2 spell: Searing Ray
  1158 | D:2      | Reached XP level 3. HP: 21/21 MP: 2/6
  1213 | D:2      | Reached skill level 5 in Conjurations
  1704 | D:2      | Reached XP level 4. HP: 27/27 MP: 3/7
  1967 | D:2      | Noticed Jessica
  1971 | D:2      | Killed Jessica
  2168 | D:3      | Reached skill level 6 in Conjurations
  2555 | D:3      | Found Jimixats's General Store.
  2632 | D:3      | Reached XP level 5. HP: 21/31 MP: 2/8
  2975 | D:3      | Noticed Ijyb
  2987 | D:3      | Killed Ijyb
  3280 | D:3      | Identified the orb of Context {guile, rF+ rC++ Str+3}
  3885 | D:4      | Noticed an ogre
  3967 | D:4      | Killed an ogre
  3968 | D:4      | Reached skill level 7 in Conjurations
  3968 | D:4      | Reached XP level 6. HP: 36/36 MP: 1/9
  4187 | D:4      | Noticed Robin
  4191 | D:4      | Killed Robin
  4475 | D:4      | Found a hazy altar of Hepliaklqana.
  4621 | D:4      | Noticed Blork the orc
  5061 | D:4      | Reached skill level 8 in Conjurations
  5061 | D:4      | Reached XP level 7. HP: 31/41 MP: 2/10
  5750 | D:4      | Killed Blork the orc
  5978 | D:4      | Found a hazy altar of Hepliaklqana.
  6499 | D:5      | Entered Level 5 of the Dungeon
  6770 | D:5      | Found a glowing drain.
  6779 | Sewer    | Entered a sewer
  6781 | Sewer    | Reached skill level 9 in Conjurations
  8791 | D:6      | Reached XP level 8. HP: 46/46 MP: 6/11
  8857 | D:6      | Noticed Maggie
  8925 | D:6      | Killed Maggie
  8926 | D:6      | Reached skill level 10 in Conjurations
  9211 | D:6      | Found a staircase to the Ecumenical Temple.
  9219 | D:6      | Reached skill level 11 in Conjurations
  9224 | Temple   | Entered the Ecumenical Temple
  9324 | Temple   | Became a worshipper of Gozag Ym Sagoz the Greedy
  9682 | D:6      | Learned a level 4 spell: Fulminant Prism
  9995 | D:6      | Reached XP level 9. HP: 51/51 MP: 7/12
 10292 | D:6      | Reached skill level 12 in Conjurations
 10526 | D:3      | Bought a potion of brilliance for 56 gold pieces
 10526 | D:3      | Bought a scroll of teleportation for 42 gold pieces
 10533 | D:3      | Learned a level 4 spell: Iskenderun's Mystic Blast
 10871 | D:7      | Found an ornate altar of the Wu Jian Council.
 10953 | D:7      | Found a snail-covered altar of Cheibriados.
 10962 | D:7      | Reached skill level 1 in Fighting
 11043 | D:7      | Found Lonaur's Antique Weapon Emporium.
 11087 | D:7      | Noticed Pikel
 11112 | D:7      | Killed Pikel
 11663 | D:7      | Found a broken altar of Ashenzari.
 11663 | D:7      | Found an iron altar of Okawaru.
 11829 | D:7      | Reached skill level 5 in Stealth
 12141 | D:8      | Found a staircase to the Lair.
 12419 | D:7      | Found a snail-covered altar of Cheibriados.
 12642 | D:7      | Found a broken altar of Ashenzari.
 12642 | D:7      | Found an iron altar of Okawaru.
 12685 | D:7      | Found Lonaur's Antique Weapon Emporium.
 13063 | D:7      | Found an ornate altar of the Wu Jian Council.
 13498 | D:8      | Reached XP level 10. HP: 63/63 MP: 1/13
 14167 | D:8      | Found Ynkor's Book Boutique.
 14348 | Lair:1   | Entered Level 1 of the Lair of Beasts
 14691 | Lair:1   | Reached skill level 5 in Dodging
 14899 | Lair:1   | Found a runed translucent door.
 14906 | Lair:1   | Noticed Doprafe's ghost (journeyman DsFi)
 14929 | Lair:1   | Noticed a black mamba
 15088 | Lair:1   | Killed a black mamba
 15232 | Lair:1   | Noticed a cane toad
 15263 | Lair:1   | Reached skill level 13 in Conjurations
 15350 | Lair:1   | Killed a cane toad
 15351 | Lair:1   | Reached skill level 5 in Fighting
 16126 | Lair:1   | Noticed a cane toad
 16138 | Lair:1   | a cane toad changed into an ice beast
 16612 | Lair:2   | Noticed a cane toad
 16964 | Lair:2   | Noticed a cane toad
 17046 | D:9      | Noticed a two-headed ogre
 17100 | D:9      | Noticed Maurice
 17139 | D:9      | Killed Maurice
 17289 | D:9      | Killed a two-headed ogre
 17290 | D:9      | Reached XP level 11. HP: 72/72 MP: 1/15
 17792 | D:9      | Noticed a two-headed ogre
 17804 | D:9      | Killed a two-headed ogre
 18034 | D:9      | Found a shimmering altar of Xom.
 19546 | D:9      | Found a shimmering altar of Xom.
 19897 | D:10     | Entered Level 10 of the Dungeon
 19897 | D:10     | Noticed a two-headed ogre
 21568 | D:10     | Mangled by a komodo dragon

Illustrated notes

Levels and vault maps discovered:
D:1:      dpeg_arrival_boxorama, layout_loops_ring, serial_park_tiny_2
D:2:      layout_basic, dk_vineyard_3, uniq_jessica
D:3:      kb_forest_paths, layout_basic, serial_shops,
          nicolae_shop_just_a_little_nook, uniq_ijyb
D:4:      kennysheep_goblin_castle, layout_basic, mainiacjoe_overflow_alcove_2,
          uniq_blork_the_orc
D:5:      layout_basic, portal_sewer_entry_f
D:6:      layout_loops_ring, minmay_temple_entry_sparse_star,
          lightli_orcish_oven, uniq_maggie
D:7:      layout_basic, gammafunk_temple_overflow_elements,
          kennysheep_slug_shrine, nzn_wu_jian_council_hall, serial_shops,
          nicolae_shop_peninsula, worms_lemuel, uniq_pikel
D:8:      layout_loops_cross, dpeg_oklobed_lair, serial_shops, shop
D:9:      layout_basic, dk_xom_monty_hall, serial_bayou_crossing, uniq_maurice
D:10:     minmay_s_stair_smasher, layout_irregular_city
Temple:   minmay_temple_bridge_d
Lair:1:   layout_long_grid, ebering_ghost_reflecting_pool
Lair:2:   layout_misc_corridors, nicolae_swamp_entry_splash_gauntlet,
          serial_bayou_pond_e, infiniplex_staircase_pool_2

Skill      XL: |  1  2  3  4  5  6  7  8  9 10 11 |
---------------+----------------------------------+-----
Conjurations   | 5 6 7 8 9 11 12 13 | 13.6
Stealth        | 6 8 9 |  9.8
Fighting       | 3 5 6 |  6.3
Dodging        | 4 6 |  6.8
Spellcasting   | 3 |  3.9

Action                     |  1- 3 |  4- 6 |  7- 9 | 10-12 || total
---------------------------+-------+-------+-------+-------++-------
  Melee: Spear             |     4 |    10 |    13 |       ||    27
         Tentacles         |     1 |       |     8 |     8 ||    17
         Constrict         |       |       |     6 |     4 ||    10
         Short sword       |       |       |    10 |    31 ||    41
   Cast: Magic Dart        |    13 |       |       |       ||    13
         Searing Ray       |    20 |    60 |    87 |    32 ||   199
         Fulminant Prism   |       |       |     5 |    40 ||    45
         Iskenderun's Myst |       |       |       |    21 ||    21
  Evoke: Wand              |       |       |     1 |     9 ||    10
    Use: Potion            |       |     1 |     9 |     5 ||    15
         Scroll            |       |     7 |    10 |     5 ||    22
   Stab: Sleeping          |       |     1 |     2 |     1 ||     4
         Distracted        |       |       |       |     1 ||     1
 Armour: Skin              |     6 |    21 |    95 |    94 ||   216
  Dodge: Dodged            |     9 |    37 |    89 |    56 ||   191

Table legend: (Time is in decaauts)
 A = Elapsed time spent in this place.
 B = Non-inter-level travel time spent in this place.
 C = Inter-level travel time spent in this place.
 D = Time resting spent in this place.
 E = Time spent auto-exploring this place.
 F = Levels seen in this place.
 G = Mean time per level.
                   A        B        C        D        E       F      G
               +--------+--------+--------+--------+--------+-----+--------+
         Total |  21561 |  20717 |    844 |   4896 |  12904 |  14 | 1540.1 |
       Dungeon |  17695 |  17090 |    605 |   3752 |  11213 |  10 | 1769.5 |
        Temple |    169 |     35 |    134 |      0 |     31 |   1 |  169.0 |
          Lair |   2692 |   2587 |    105 |   1096 |    982 |   2 | 1346.0 |
         Sewer |   1003 |   1003 |      0 |     48 |    678 |   1 | 1003.0 |
               +--------+--------+--------+--------+--------+-----+--------+

Top non-repeatable levels by time:
     D:9: 3708 daAuts
     D:4: 2795 daAuts
  Lair:1: 2676 daAuts
     D:7: 2569 daAuts
     D:8: 1919 daAuts
     D:3: 1631 daAuts
     D:6: 1559 daAuts
     D:5: 1262 daAuts
     D:2: 1237 daAuts
   Sewer: 1003 daAuts
     D:1: 923 daAuts
  Temple: 169 daAuts
    D:10: 88 daAuts
  Lair:2: 16 daAuts
